 Dungeon Crawl Stone Soup version 0.28-a0-998-gb9e9c7b67e (webtiles) character file.

Game seed: 12165089141351183090

359 ytrimaz the Insei (level 6, -3/41 HPs)
             Began as an Octopode Transmuter on Dec 5, 2021.
             Was a Believer of Fedhas.
             Slain by an orc (7 damage)
             ... on level 5 of the Dungeon.
             The game lasted 00:04:56 (5177 turns).

ytrimaz the Insei (Octopode Transmuter)             Turns: 5177, Time: 00:04:57

Health: -3/41      AC:  1    Str: 10    XL:     6   Next: 65%
Magic:  10/10      EV: 13    Int: 17    God:    Fedhas [**....]
Gold:   190        SH:  0    Dex: 12    Spells: 3/11 levels left

rFire   . . .      SeeInvis .     - Unarmed
rCold   . . .      Faith    .   (no shield)
rNeg    . . .      Spirit   .   (helmet currently unavailable)
rPois   .          Reflect  .   (no amulet)
rElec   .          Harm     .   (no ring)
rCorr   .          Rampage  .   (no ring)
Will    .....                   (no ring)
Stlth   ++........              (no ring)
HPRegen 0.13/turn               (no ring)
MPRegen 0.12/turn               (no ring)
                                (no ring)
                                (no ring)

@: appendages (expiring)
A: tentacle spike 3, almost no armour, amphibious, 8 rings, camouflage 1,
gelatinous body 1, (nimble swimmer 1), tentacles
a: End Transformation, Renounce Religion, Wall of Briars


You were on level 5 of the Dungeon.
You worshipped Fedhas.
Fedhas was pleased with you.
One of your tentacles had grown a beastly spike.
You visited 2 branches of the dungeon, and saw 6 of its levels.

You collected 190 gold pieces.

Inventory:

Wands
 f - a wand of paralysis (9)
Scrolls
 a - a scroll of enchant armour
 d - 2 scrolls of fog
 e - a scroll of brand weapon
 g - a scroll of teleportation {unknown}
Potions
 b - a potion of invisibility {unknown}
 c - 2 potions of curing
 h - a potion of berserk rage {unknown}


   Skills:
 * Level 2.7 Fighting
 - Level 2.0 Dodging
 + Level 4.8 Unarmed Combat
 + Level 3.2 Spellcasting
 + Level 3.4 Transmutations
 * Level 2.4 Poison Magic


You had 3 spell levels left.
You knew the following spells:

 Your Spells              Type           Power      Damage    Failure   Level
a - Beastly Appendage     Tmut           28%        N/A       4%          1
b - Spider Form           Tmut/Pois      12%        N/A       16%         3
c - Ice Form              Ice/Tmut       8%         N/A       63%         4

Your spell library contained the following spells:

 Spells                   Type           Power      Damage    Failure   Level
 Wereblood                Tmut           14%        N/A       6%          2
 Passwall                 Tmut/Erth      6%         N/A       13%         2
 Sandblast                Erth           4%         2d4       17%         1
 Summon Small Mammal      Summ           8%         N/A       17%         1
 Call Canine Familiar     Summ           2%         N/A       45%         3
 Stone Arrow              Conj/Erth      4%         3d7       45%         3
 Summon Guardian Golem    Hex/Summ       2%         N/A       45%         3


Dungeon Overview and Level Annotations

Branches:
Dungeon (5/15)             Temple (1/1) D:5

Altars:
Ashenzari
Cheibriados
Dithmenos
Elyvilon
Fedhas
Gozag
Hepliaklqana
Kikubaaqudgha
Makhleb
Nemelex Xobeh
Okawaru
Qazlal
Ru
Sif Muna
Trog
Uskayaw
Vehumet
Wu Jian
Xom
Zin
The Shining One


Innate Abilities, Weirdness & Mutations

One of your tentacles has grown a beastly spike.
You cannot wear most types of armour.
You are amphibious.
You can wear up to eight rings at the same time.
Your skin changes colour to match your surroundings (Stealth+).
Your rubbery body absorbs attacks. (AC +1, EV +1)
((You are camouflaged near water. (Stealth+)))
You have tentacles for arms and can constrict up to eight enemies at once.


Message History

The phantom hits you!
The phantom blinks!
You blink.
An orc comes into view. It is wielding a +0 flail.
The phantom hits you.
The phantom blinks!
You blink.
You tentacle-slap the phantom but do no damage.
You pierce the phantom!
The phantom is severely damaged.
You completely miss the phantom.
The phantom is severely damaged.
The phantom hits you.
You barely miss the phantom.
The phantom is severely damaged.
The phantom hits you.
You tentacle-slap the phantom.
The phantom is severely damaged.
The orc barely misses you. The phantom closely misses you.
You closely miss the orc. You grab the orc.
Your transformation is almost over.
You constrict the orc, but do no damage.
The orc closely misses you. The phantom misses you.
You tentacle-slap the phantom but do no damage.
You pierce the phantom, but do no damage.
The phantom is severely damaged.
You constrict the orc. The orc hits you with a +0 flail.
The phantom barely misses you.
You miss the phantom.
The phantom is severely damaged.
You constrict the orc. The orc hits you with a +0 flail.
The phantom misses you.
You tentacle-slap the phantom but do no damage.
Your squeeze misses the phantom.
The phantom is severely damaged.
You constrict the orc. The orc hits you with a +0 flail!
* * * LOW HITPOINT WARNING * * *
The phantom completely misses you.
You bludgeon the phantom!
You destroy the phantom!
Fedhas accepts your kill.
You constrict the orc. The orc hits you with a +0 flail!
You die...
Fedhas appreciates your contribution to the ecosystem.

#########
#.......#
#..o@.#
#.....#
#.#.#.#
#.....#
#.....#
#.#^#.# #
#.....# .
#.....# .
#.#.#.#
#.


You could see an orc.

Vanquished Creatures
  A necrophage (D:4)
  A centaur (D:4)
  A phantom (D:5)
  A centaur zombie (D:5)
  A jelly (D:5)
  5 adders
  An adder skeleton (D:2)
  2 worms
  2 dart slugs
  8 orcs
  8 bats
  7 endoplasms
  A giant cockroach (D:2)
  4 goblins
  10 hobgoblins
  4 ball pythons (D:3)
  4 frilled lizards
  3 kobolds
  2 quokka skeletons
  A rat (D:2)
67 creatures vanquished.

Notes
Turn   | Place    | Note
-------+----------+-------------------------------------------
     0 | D:1      | ytrimaz the Octopode Transmuter began the quest for the
                  | Orb.
     0 | D:1      | Reached XP level 1. HP: 13/13 MP: 3/3
   476 | D:1      | Reached XP level 2. HP: 12/18 MP: 3/5
   805 | D:1      | Found a faded altar of an unknown god.
   815 | D:1      | Prayed at the altar of an unknown god.
   815 | D:1      | Became a worshipper of Fedhas Madash
   815 | D:1      | Reached * piety under Fedhas
  1070 | D:2      | Reached XP level 3. HP: 23/23 MP: 6/6
  1840 | D:2      | Reached XP level 4. HP: 28/29 MP: 5/7
  1907 | D:2      | Learned a level 3 spell: Spider Form
  2166 | D:3      | Reached ** piety under Fedhas
  2631 | D:3      | Reached skill level 4 in Unarmed Combat
  2767 | D:3      | Reached skill level 1 in Poison Magic
  2885 | D:3      | Learned a level 4 spell: Ice Form
  3118 | D:4      | Reached XP level 5. HP: 34/34 MP: 8/8
  3200 | D:4      | Noticed a necrophage
  3208 | D:4      | Killed a necrophage
  3503 | D:4      | Noticed a centaur
  3522 | D:4      | Killed a centaur
  3523 | D:4      | Reached XP level 6. HP: 9/41 MP: 4/10
  4438 | D:5      | Entered Level 5 of the Dungeon
  4453 | D:5      | Found a staircase to the Ecumenical Temple.
  4638 | Temple   | Entered the Ecumenical Temple
  5177 | D:5      | Slain by an orc

Illustrated notes

Levels and vault maps discovered:
D:1:      lordsloth_arrival_two_stooges, layout_rooms,
          dreamdust_ecumenical_altar_hidden_monk_grotto
D:2:      layout_loops_ring
D:3:      layout_basic, minmay_misc_feat_hallway
D:4:      layout_layer_cave, minivault_14, serial_bayou_pond_a
D:5:      layout_rooms, minmay_temple_entry_gardened_gates,
          columned_hall_lemuel, uniq_blork_the_orc
Temple:   mainiacjoe_temple_hex_bubbles

Skill      XL: |  1  2  3  4  5 |
---------------+----------------+-----
Fighting       | 2 |  2.7
Unarmed Combat | 4 |  4.8
Poison Magic   | 1 2 |  2.4
Transmutations | 3 |  3.4
Spellcasting   | 3 |  3.2
Dodging        | |  2.0

Action                   |  1- 3 |  4- 6 || total
-------------------------+-------+-------++-------
Melee: Unarmed           |    78 |   114 ||   192
       Constrict         |    15 |    22 ||    37
       Kick              |    10 |    15 ||    25
       Tentacles         |     7 |    21 ||    28
       Punch             |     3 |     1 ||     4
 Cast: Beastly Appendage |    18 |    22 ||    40
       Spider Form       |       |     3 ||     3
Invok: Wall of Briars    |       |     1 ||     1
  Use: Scroll            |     5 |     6 ||    11
       Potion            |       |     1 ||     1
 Stab: Sleeping          |     4 |     5 ||     9
Armor: Skin              |     4 |    20 ||    24
Dodge: Dodged            |    46 |    96 ||   142

Table legend: (Time is in decaauts)
 A = Elapsed time spent in this place.
 B = Non-inter-level travel time spent in this place.
 C = Inter-level travel time spent in this place.
 D = Time resting spent in this place.
 E = Time spent auto-exploring this place.
 F = Levels seen in this place.
 G = Mean time per level.
                   A        B        C        D        E       F      G
               +--------+--------+--------+--------+--------+-----+--------+
         Total |   5167 |   5005 |    162 |    579 |   3730 |   6 |  861.2 |
       Dungeon |   4910 |   4763 |    147 |    579 |   3496 |   5 |  982.0 |
        Temple |    256 |    241 |     15 |      0 |    234 |   1 |  256.0 |
               +--------+--------+--------+--------+--------+-----+--------+

Top non-repeatable levels by time:
     D:4: 1526 daAuts
     D:2: 1259 daAuts
     D:1: 885 daAuts
     D:3: 756 daAuts
     D:5: 482 daAuts
  Temple: 256 daAuts
